 Dungeon Crawl Stone Soup version 0.26-a0-664-gc8b27b8fc1 (webtiles) character file.

Game seed: 8492286288665670008

44 Kinoniko the Bolt Thrower (level 3, -6/28 HPs)
             Began as a Human Hunter on Oct 13, 2020.
             Mangled by an orc
             ... wielding a +0 mace
              (7 damage)
             ... on level 2 of the Dungeon.
             The game lasted 00:02:39 (1359 turns).

Kinoniko the Bolt Thrower (Human Hunter)            Turns: 1359, Time: 00:02:41

Health: -6/28      AC:  3    Str: 13    XL:     3   Next: 87%
Magic:  3/3        EV: 12    Int: 11    God:
Gold:   64         SH:  0    Dex: 13    Spells: 2/2 levels left

rFire    . . .     SeeInvis .   l - +0 spear (vamp)
rCold    . . .     Faith    .   (no shield)
rNeg     . . .     Spirit   .   c - +0 leather armour
rPois    .         Reflect  .   (no helmet)
rElec    .         Harm     .   (no cloak)
rCorr    .         Rampage  .   (no gloves)
MR       .....                  (no boots)
Stlth    +.........             (no amulet)
HPRegen  0.09/turn              (no ring)
MPRegen  0.08/turn              (no ring)

@: slowed, very slow
A: no striking features
a: no special abilities


You were on level 2 of the Dungeon.
You visited 1 branch of the dungeon, and saw 2 of its levels.

You collected 64 gold pieces.

Inventory:

Hand Weapons
 a - a +1 hand crossbow
 l - a +0 vampiric spear (weapon)
Missiles
 d - 6 bolts
Armour
 c - a +0 leather armour (worn)
Jewellery
 i - a +6 ring of strength {unknown}
Scrolls
 b - a scroll of identify {unknown}
 f - a scroll of teleportation {unknown}
 h - a scroll of remove curse {unknown}
 k - 2 scrolls of enchant weapon {unknown}
 m - a scroll of blinking {unknown}
Potions
 e - a potion of mutation {unknown}
 g - a potion of heal wounds {unknown}
 j - a potion of lignification {unknown}
 n - a potion of haste {unknown}


   Skills:
 + Level 2.4 Fighting
 + Level 0.2 Polearms
 * Level 4.7 Crossbows
 + Level 2.4 Dodging
 - Level 1.0 Stealth


You had 2 spell levels left.
You didn't know any spells.
Your spell library was empty.

Dungeon Overview and Level Annotations

Branches:
Dungeon (2/15)

Altars:


Message History

The orc wizard points at you and mumbles some strange words.
You resist with significant effort. The orc hits you with a +0 mace.
The orc misses you.
You hit the orc but do no damage.
The orc is lightly wounded.
The orc wizard casts a spell at you.
You feel yourself slow down. The orc hits you but does no damage. x2
You barely miss the orc.
The orc is lightly wounded.
The orc hits you with a +0 mace. The orc hits you with a +0 hand axe.
* * * LOW HITPOINT WARNING * * *
The orc hits you with a +0 mace.
* * * LOW HITPOINT WARNING * * *
You closely miss the orc.
The orc is lightly wounded.
The orc wizard casts a spell.
The orc wizard seems to speed up.
The orc hits you with a +0 hand axe.
* * * LOW HITPOINT WARNING * * *
The orc hits you with a +0 mace!
You die...

####..........#
...#..........#
##............# # #
#......>....# .###
###.#........#####...#
.....#.......###....
###....)..).†.#..# .
##.######.#....###....
#..# ##.....#@o...#
###.###.......o....#
###.........##....(#.#
....#....##.######.o.#
###......##.# #.(.
#..####..... #..#
...## ####.#. ..(# ###
.#.. #.( ## ..


You could see an orc wizard (fast) and 2 orcs.

Vanquished Creatures
  A gnoll (D:1)
  5 leopard geckos
  An orc (D:2)
  2 giant cockroaches (D:1)
  4 goblins
  2 hobgoblins (D:1)
  7 kobolds
  2 bats (D:1)
  2 frilled lizards (D:1)
  2 rats (D:1)
28 creatures vanquished.

Notes
Turn   | Place    | Note
-------+----------+-------------------------------------------
     0 | D:1      | Kinoniko the Human Hunter began the quest for the Orb.
     0 | D:1      | Reached XP level 1. HP: 16/16 MP: 1/1
   110 | D:1      | Reached XP level 2. HP: 22/22 MP: 2/2
   753 | D:1      | Reached XP level 3. HP: 27/27 MP: 3/3
  1359 | D:2      | HP: 1/28 [orc/+0 hand axe (1)]
  1359 | D:2      | Mangled by an orc

Illustrated notes

Levels and vault maps discovered:
D:1:      dpeg_arrival_arbitrary_a, layout_basic
D:2:      layout_rooms

Action                   || total
-------------------------++-------
Melee: Spear             ||    13
 Fire: Hand crossbow     ||    60
Armor: Leather armour    ||     7
Dodge: Dodged            ||    13

Table legend: (Time is in decaauts)
 A = Elapsed time spent in this place.
 B = Non-inter-level travel time spent in this place.
 C = Inter-level travel time spent in this place.
 D = Time resting spent in this place.
 E = Time spent auto-exploring this place.
 F = Levels seen in this place.
 G = Mean time per level.
                   A        B        C        D        E       F      G
               +--------+--------+--------+--------+--------+-----+--------+
         Total |   1377 |   1363 |     14 |    460 |    706 |   2 |  688.5 |
       Dungeon |   1377 |   1363 |     14 |    460 |    706 |   2 |  688.5 |
               +--------+--------+--------+--------+--------+-----+--------+

Top non-repeatable levels by time:
     D:1: 1249 daAuts
     D:2: 127 daAuts
